 Dungeon Crawl Stone Soup version 0.26-b1-32-g5d43845318 (webtiles) character file.

Game seed: 8966407465551992293

130673 MajorAdolf the Fighter (level 17, -11/164 HPs)
             Began as a Naga Wanderer on Jan 8, 2021.
             Was an Initiate of Gozag.
             Mangled by Hynwimna's ghost (13 damage)
             ... while paralysed
             ... on level 1 of the Elven Halls.
             The game lasted 01:01:29 (37966 turns).

MajorAdolf the Fighter (Naga Wanderer)             Turns: 37966, Time: 01:01:30

Health: -11/164    AC: 35    Str: 21    XL:     17   Next: 8%
Magic:  17/17      EV:  1    Int: 14    God:    Gozag
Gold:   2105       SH:  0    Dex: 10    Spells: 16/16 levels left

rFire    + . .     SeeInvis +   k - +9 broad axe (freeze)
rCold    . . .     Faith    .   t - +8 tower shield
rNeg     + . .     Spirit   .   S - +4 chain mail of the Cricket {Rampage rF- rN+ SInv}
rPois    +         Reflect  .   (no helmet)
rElec    .         Harm     .   v - +2 cloak {Stlth+}
rCorr    .         Rampage  +   y - +1 pair of gloves
Will     +++..                  R - +0 barding {rF+}
Stlth    ..........             (no amulet)
HPRegen  0.37/turn              D - ring of willpower
MPRegen  0.15/turn              i - +4 ring of protection

@: paralysed, berserk cooldown, slowed, very slow
A: large, iridescent scales 1, see invisible, deformed body, fire resistance 1,
poison resistance, slowness 2, spit poison 1, constrict 1, AC +5
a: Spit Poison, Renounce Religion, Potion Petition, Call Merchant, Bribe Branch


You were on level 1 of the Elven Halls.
You worshipped Gozag.
Gozag was most pleased with you.
You visited 6 branches of the dungeon, and saw 26 of its levels.
You also visited: Bailey and Gauntlet.

You collected 8713 gold pieces.
You spent 2887 gold pieces at shops.
You paid 3721 gold pieces to Gozag.

Inventory:

Hand Weapons
 k - a +9 broad axe of freezing (weapon)
Missiles
 m - 145 bolts
 x - 101 poisoned darts
Armour
 e - a +0 cloak
 t - a +8 tower shield (worn)
 v - a +2 cloak of stealth (worn)
 y - a +1 pair of gloves (worn)
 R - a +0 barding of fire resistance (worn)
 S - the +4 chain mail of the Cricket (worn) {Rampage rF- rN+ SInv}
   (You bought it in a shop on level 2 of the Lair of Beasts)

   It makes you vulnerable to fire.
   It protects you from negative energy.
   It lets you see invisible.
   It bestows one free step when moving towards enemies.
Jewellery
 i - a +4 ring of protection (right hand)
 j - an uncursed ring of protection from cold
 D - a ring of willpower (left hand)
 O - an uncursed ring of willpower
Wands
 a - a wand of paralysis (24)
 b - a wand of enslavement (22)
 g - a wand of flame (19)
 z - a wand of iceblast (20)
 A - a wand of polymorph (4)
 C - a wand of digging (10)
 G - a wand of disintegration (3)
 L - a wand of acid (3)
Scrolls
 c - 6 scrolls of fear
 d - 9 scrolls of teleportation
 h - 2 scrolls of blinking
 o - 8 scrolls of amnesia
 p - 11 scrolls of remove curse
 w - 13 scrolls of identify
 J - 3 scrolls of holy word
 K - a scroll of brand weapon
 N - a scroll of magic mapping
 Q - 3 scrolls of fog
Potions
 l - 11 potions of curing
 n - 5 potions of brilliance
 q - 4 potions of flight
 s - a potion of cancellation
 B - 6 potions of attraction
 E - 3 potions of invisibility
 F - a potion of ambrosia
 H - 3 potions of haste
 I - 4 potions of heal wounds
 P - a potion of mutation
 T - a potion of lignification
 U - a potion of resistance
 V - a potion of magic
Miscellaneous
 f - a box of beasts
 r - a phial of floods
 u - a tin of tremorstones (2/2)
 W - a condenser vane


   Skills:
 + Level 13.3 Fighting
 + Level 12.7 Axes
 - Level 1.7 Crossbows
 - Level 1.0 Throwing
 + Level 10.9 Armour
 + Level 10.9 Dodging
 - Level 3.0 Stealth
 + Level 10.8 Shields
 + Level 10.9 Evocations


You had 16 spell levels left.
You didn't know any spells.
Your spell library contained the following spells:

 Spells                   Type           Power        Failure   Level
 Corona                   Hex            0%           99%         1
 Magic Dart               Conj           0%           99%         1
 Shock                    Conj/Air       0%           99%         1
 Blink                    Tloc           N/A          100%        2
 Call Imp                 Summ           0%           100%        2
 Ensorcelled Hibernation  Hex/Ice        0%           100%        2
 Slow                     Hex            0%           100%        2
 Confusing Touch          Hex            0%           100%        3
 Conjure Flame            Conj/Fire      0%           100%        3
 Dazzling Flash           Conj/Hex       0%           100%        3
 Ignite Poison            Fire/Tmut/Pois 0%           100%        3
 Mephitic Cloud           Conj/Pois/Air  0%           100%        3
 Tukima's Dance           Hex            0%           100%        3
 Cause Fear               Hex            0%           100%        4
 Iskenderun's Mystic Bla  Conj/Tloc      0%           100%        4
 Fireball                 Conj/Fire      0%           100%        5
 Silence                  Hex/Air        0%           100%        5
 Yara's Violent Unravell  Hex/Tmut       0%           100%        5
 Freezing Cloud           Conj/Ice/Air   0%           100%        6
 Starburst                Conj/Fire      0%           100%        6
 Discord                  Hex            0%           100%        8
 Ignition                 Fire           0%           100%        8


Dungeon Overview and Level Annotations

Branches:
Dungeon (15/15)            Temple (1/1) D:4            Lair (6/6) D:10
 Shoals (1/4) Lair:2       Spider (0/4) Lair:3        Slime (0/5) Lair:5
    Orc (2/2) D:11            Elf (1/3) Orc:2        Vaults (0/5) D:14
 Depths (0/5) D:15         Bailey (visited)         Gauntlet (visited)

Altars:
Ashenzari
Cheibriados
Dithmenos
Elyvilon
Fedhas
Gozag
Hepliaklqana
Kikubaaqudgha
Makhleb
Nemelex Xobeh
Okawaru
Qazlal
Ru
Trog
Uskayaw
Vehumet
Wu Jian
Xom
Yredelemnul
Zin
The Shining One
Beogh
Lugonu

Shops:
D:7 *   D:8 *   D:10 [   D:11 !   D:14 *   Orc:1 :*:   Orc:2 *}([   Lair:2 [

Portals:
Abyss: Orc:2

Annotations:
D:6 Edmund
Lair:3 1 runed translucent door, Loywebes's ghost, journeyman MiFi
Lair:6 exclusion: 2 oklob plants
Elf:1 Hynwimna's ghost, veteran MiGl; Kaobra's ghost, adept GnWz


Innate Abilities, Weirdness & Mutations

You cannot wear boots.
Your serpentine skin is tough. (AC +5)
You have supernaturally acute eyesight. (SInv)
Armour fits poorly on your strangely shaped body.
Your system is resistant to poisons. (rPois)
You cover ground very slowly.
You can spit poison.
You can use your snake-like lower body to constrict enemies.
You are partially covered in iridescent scales. (AC +2)
Your flesh is heat resistant. (rF+)


Message History

Hynwimna's ghost is heavily damaged.
Hynwimna's ghost hits you but does no damage.
You closely miss Hynwimna's ghost.
Hynwimna's ghost is heavily damaged.
You hit Hynwimna's ghost.
Hynwimna's ghost is heavily damaged.
You block Hynwimna's ghost's attack.
You closely miss Hynwimna's ghost.
Hynwimna's ghost is heavily damaged.
Hynwimna's ghost hits you!!
* * * LOW HITPOINT WARNING * * *
You barely miss Hynwimna's ghost.
Hynwimna's ghost is heavily damaged.
You are no longer berserk.
You pass out from exhaustion.
You feel yourself slow down. Hynwimna's ghost hits you!!
* * * LOW HITPOINT WARNING * * *
Hynwimna's ghost hits you!
You die...
Your body crumbles into a pile of gold.

...................#.#.#.#.......
.................................
##############'##.#.#.#.#.#.#####
#................................
#................#.#.#.#.#.#.....
#.)#############.............+###
#..#............#.#.#.#.#.#.#....
#..'.............................
#..#..#######..#@#.#.#.#.#.#.....
#..#..#.....#..#W......)....#....
#..#..'.....#..'..#.#.#.#.#.#....
#..#..#.....#.)#......()..).#####
#..#..#.....#..#...#.#.#.#.......
#..#..#######..####(.............
#..#.............)....W..........
#..#....................#...#####
#..#^.#######..#######..#...#....


You could see Hynwimna's ghost.

Vanquished Creatures
  Frances (D:12)
  The ghost of Vatovie the Impaler, a journeyman MiBe of Trog (Elf:1)
  A frost giant (D:15)
  The ghost of Jaiteiro the Brawler, a journeyman VSFi of the Shining One (Elf:1)
  A deep elf annihilator (Elf:1)
  5 dire elephants (Lair:6)
  Azrael (D:14)
  Snorg (D:12)
  A minotaur (Gauntlet)
  The ghost of Domino the Cleaver, a journeyman MiBe of Trog (D:12)
  A death ooze (Gauntlet)
  The ghost of sand the Cleaver, a journeyman HOFi of Nemelex Xobeh (Orc:1)
  A fire dragon (D:15)
  A boulder beetle (D:13)
  9 hydras
  A vault guard (D:14)
  2 catoblepae
  8 centaur warriors
  An ice dragon (D:14)
  An anaconda (Lair:6)
  11 two-headed ogres
  5 death yaks (Lair:5)
  An ogre mage (D:15)
  4 orc high priests (Orc:2)
  4 tengu warriors
  4 deep elf knights (Elf:1)
  A fire crab (Gauntlet)
  4 skeletal warriors (D:15)
  An iron troll (D:14)
  6 unseen horrors
  2 orc knights
  5 deep elf archers
  A wizard (D:12)
  An orc sorcerer (Orc:2)
  24 ugly things
  5 cyclopes
  A manticore (D:14)
  21 deep elf magi
  Maurice (D:13)
  20 elephants
  A merfolk siren (Lair:2)
  A gargoyle (D:13)
  6 cane toads
  3 black mambas
  A kobold demonologist (D:14)
  A yaktaur (D:15)
  8 komodo dragons
  2 rime drakes
  A tengu conjurer (D:15)
  3 trolls
  A harpy zombie (D:15)
  2 jumping spiders (Lair:3)
  3 polar bears
  A hornet (shapeshifter) (D:14)
  3 merfolk (Lair:2)
  2 hornets
  5 slime creatures
  18 blink frogs
  A harpy skeleton (D:13)
  5 dream sheep (Lair:5)
  An air elemental (Elf:1)
  3 spriggans (D:12)
  3 shadows
  2 water elementals (Elf:1)
  A vampire (D:11)
  45 yaks
  7 wyverns
  2 fire bats (Gauntlet)
  A fire elemental (Elf:1)
  Grum (D:8)
  A basilisk (Lair:2)
  3 wraiths
  2 vampire mosquitoes (D:14)
  2 soldier ants (D:13)
  Menkaure (D:5)
  7 water moccasins
  3 phantoms
  2 hell hounds (D:14)
  5 ice beasts
  4 black bears
  3 necrophages (D:7)
  12 ogres
  28 orc warriors
  An eye of draining (D:14)
  A sky beast (D:10)
  7 wolves
  18 centaurs
  2 big kobolds
  16 bullfrogs
  2 earth elementals (Elf:1)
  A wyvern zombie (D:10)
  2 hornet simulacra (D:15)
  2 wyvern skeletons
  2 scorpions
  12 killer bees
  An electric eel (Lair:6)
  7 howler monkeys
  11 wights
  5 centaur zombies
  A lava snake (D:10)
  A bullfrog zombie (D:7)
  5 jellies
  31 orc priests
  7 hounds
  2 centaur skeletons
  2 bullfrog skeletons
  An iguana (D:10)
  12 worker ants
  33 orc wizards
  A killer bee zombie (D:7)
  A hound skeleton (D:4)
  2 hound zombies (D:8)
  2 howler monkey zombies (D:8)
  3 worker ant zombies
  8 gnolls
  14 adders
  11 river rats (D:5)
  2 shadow imps
  2 white imps
  2 ufetubi
  5 oozes
  3 adder zombies
  3 worms
  A dart slug (D:2)
  4 leopard geckos
  102 orcs
  8 giant cockroaches
  15 goblins
  17 hobgoblins
  12 jackals
  28 kobolds
  12 quokkas
  3 ball pythons
  9 bats
  5 frilled lizards
  A jackal skeleton (D:6)
  19 rats
849 creatures vanquished.

Vanquished Creatures (others)
  5 dancing weapons (Elf:1)
  A fire elemental (D:14)
  A hell hound (D:14)
  An orc wizard (D:11)
  14 fungi
  A lurking horror (Orc:2)
  71 plants
  2 withered plants (Elf:1)
96 creatures vanquished.

Grand Total: 945 creatures vanquished

Notes
Turn   | Place    | Note
-------+----------+-------------------------------------------
     0 | D:1      | MajorAdolf the Naga Wanderer began the quest for the Orb.
     0 | D:1      | MajorAdolf set off with the following items: a +2 hand
                  | crossbow, 23 bolts, a potion of lignification, a scroll of
                  | teleportation, a +0 robe, a +0 dagger
     0 | D:1      | Reached XP level 1. HP: 22/22 MP: 1/1
   100 | D:1      | Reached XP level 2. HP: 31/31 MP: 2/2
   305 | D:1      | Reached skill level 5 in Fighting
   305 | D:1      | Reached XP level 3. HP: 8/39 MP: 3/3
  1148 | D:2      | Found a bloodstained altar of Trog.
  1159 | D:2      | Reached skill level 1 in Axes
  1161 | D:2      | Reached XP level 4. HP: 36/46 MP: 4/4
  1718 | D:2      | Found an ornate altar of the Wu Jian Council.
  2119 | D:3      | Reached XP level 5. HP: 31/52 MP: 5/5
  2449 | D:3      | Reached skill level 1 in Dodging
  3059 | D:3      | Reached skill level 1 in Shields
  3393 | D:3      | Reached XP level 6. HP: 27/61 MP: 6/6
  4093 | D:4      | Reached XP level 7. HP: 67/67 MP: 7/7
  4288 | D:4      | Found a staircase to the Ecumenical Temple.
  4299 | Temple   | Entered the Ecumenical Temple
  4603 | D:4      | Found a hazy altar of Hepliaklqana.
  4872 | D:5      | Entered Level 5 of the Dungeon
  4944 | D:5      | Gained mutation: Your spells are a little easier to cast,
                  | but a little less powerful. [potion of mutation]
  4944 | D:5      | Gained mutation: Your flesh is cold resistant. (rC+)
                  | [potion of mutation]
  4994 | D:5      | Noticed Menkaure
  5007 | D:5      | Killed Menkaure
  5074 | D:5      | Found a broken altar of Ashenzari.
  5499 | D:5      | Found a snail-covered altar of Cheibriados.
  5567 | D:5      | Reached XP level 8. HP: 76/76 MP: 8/8
  5785 | D:5      | Reached skill level 6 in Fighting
  6531 | D:6      | Noticed Edmund
  6537 | D:6      | Noticed a two-headed ogre
  6546 | D:6      | Found a radiant altar of Vehumet.
  6546 | D:6      | Found an opulent altar of Gozag.
  6772 | D:6      | Became a worshipper of Gozag Ym Sagoz the Greedy
  6776 | D:6      | Found a white marble altar of Elyvilon.
  7549 | D:7      | Found a blossoming altar of Fedhas.
  7582 | D:7      | Reached XP level 9. HP: 85/85 MP: 9/9
  7590 | D:7      | Reached skill level 5 in Axes
  7807 | D:7      | Found Neplann's Serpentskin Sales.
  7856 | D:7      | Found a stormy altar of Qazlal.
  8124 | D:8      | Reached skill level 7 in Fighting
  8329 | D:8      | Noticed Grum
  8955 | D:8      | Killed Grum
  9406 | D:8      | Reached skill level 5 in Armour
  9555 | D:8      | Reached XP level 10. HP: 96/96 MP: 10/10
  9915 | D:8      | Reached skill level 5 in Dodging
 10090 | D:8      | Bought a potion of might for 52 gold pieces
 10090 | D:8      | Bought a scroll of blinking for 97 gold pieces
 10106 | D:8      | Reached skill level 5 in Shields
 10634 | D:9      | Reached skill level 8 in Fighting
 10683 | D:9      | Found a hide-covered altar of Uskayaw.
 10686 | D:9      | Noticed a +0 dagger
 10686 | D:9      | Noticed a +0 dagger
 12307 | D:10     | Entered Level 10 of the Dungeon
 12757 | D:10     | Found Fuiroxt's Armour Emporium.
 12917 | D:10     | Reached skill level 1 in Evocations
 13267 | D:10     | Reached XP level 11. HP: 104/104 MP: 11/11
 13521 | D:10     | Found a staircase to the Lair.
 13973 | D:10     | Noticed a two-headed ogre
 13988 | D:10     | Killed a two-headed ogre
 14182 | D:10     | Lost mutation: Your spells are a little easier to cast, but
                  | a little less powerful. [potion of mutation]
 14182 | D:10     | Lost mutation: Your flesh is cold resistant. (rC+) [potion
                  | of mutation]
 14182 | D:10     | Gained mutation: Your flesh is heat resistant. (rF+)
                  | [potion of mutation]
 14182 | D:10     | Gained mutation: You are partially covered in thin metallic
                  | scales. (AC +2) [potion of mutation]
 14182 | D:10     | Lost mutation: You are partially covered in thin metallic
                  | scales. (AC +2) [potion of mutation]
 14182 | D:10     | Gained mutation: You are partially covered in thin metallic
                  | scales. (AC +2) [potion of mutation]
 14321 | D:11     | Found a gate leading to a gauntlet.
 14330 | Gauntlet | Entered a Gauntlet
 14330 | Gauntlet | Found a transporter.
 14331 | Gauntlet | Noticed a wizard
 14335 | Gauntlet | Found a transporter.
 14337 | Gauntlet | Found a transporter.
 14341 | Gauntlet | Noticed a catoblepas
 14352 | Gauntlet | Found a transporter.
 14353 | Gauntlet | Found a transporter.
 14355 | Gauntlet | Noticed a death ooze
 14363 | Gauntlet | Found a transporter.
 14378 | Gauntlet | Noticed a thrashing horror
 14379 | Gauntlet | Found a transporter.
 14389 | Gauntlet | Found a transporter.
 14396 | Gauntlet | Noticed a mana viper
 14396 | Gauntlet | a snapping turtle changed into a mana viper
 14396 | Gauntlet | a mana viper changed into a jumping spider
 14396 | Gauntlet | Noticed a fire crab
 14396 | Gauntlet | a raiju changed into a fire crab
 14397 | Gauntlet | Noticed a death ooze
 14399 | Gauntlet | Found a transporter.
 14401 | Gauntlet | Noticed a salamander
 14401 | Gauntlet | a fire crab changed into a salamander
 14402 | Gauntlet | Noticed an unseen horror
 14402 | Gauntlet | a yak changed into an unseen horror
 14403 | Gauntlet | an unseen horror changed into an eye of draining
 14404 | Gauntlet | Found a transporter.
 14404 | Gauntlet | Found a transporter.
 14409 | Gauntlet | Noticed a fire crab
 14409 | Gauntlet | a salamander changed into a fire crab
 14428 | Gauntlet | Noticed a fire crab
 14430 | Gauntlet | Found a transporter.
 14430 | Gauntlet | Found a transporter.
 14559 | Gauntlet | Killed a fire crab
 14560 | Gauntlet | Reached skill level 9 in Fighting
 14888 | Gauntlet | Noticed a mana viper
 14900 | Gauntlet | Noticed a cyclops
 14900 | Gauntlet | a komodo dragon changed into a cyclops
 14903 | Gauntlet | Noticed a fire crab
 14903 | Gauntlet | a mana viper changed into a fire crab
 14905 | Gauntlet | Noticed a swamp dragon
 14905 | Gauntlet | Noticed an anaconda
 14905 | Gauntlet | an eye of devastation changed into an anaconda
 14907 | Gauntlet | Noticed a moth of wrath
 14907 | Gauntlet | a swamp dragon changed into a moth of wrath
 14908 | Gauntlet | Noticed a salamander
 14908 | Gauntlet | a moth of wrath changed into a salamander
 14913 | Gauntlet | a fire crab changed into a meliai
 14918 | Gauntlet | Noticed an alligator
 14918 | Gauntlet | an anaconda changed into an alligator
 14920 | Gauntlet | a salamander changed into a polar bear
 14925 | Gauntlet | Noticed a queen ant
 14925 | Gauntlet | an alligator changed into a queen ant
 14933 | Gauntlet | Noticed a fire crab
 14937 | Gauntlet | Killed a death ooze
 14938 | Gauntlet | Noticed a manticore
 14938 | Gauntlet | a fire crab changed into a manticore
 14948 | Gauntlet | Noticed a lindwurm
 14948 | Gauntlet | a manticore changed into a lindwurm
 14997 | Gauntlet | Noticed a mana viper
 15000 | Gauntlet | a mana viper changed into a komodo dragon
 15001 | Gauntlet | Noticed a mana viper
 15001 | Gauntlet | a komodo dragon changed into a mana viper
 15087 | Gauntlet | Noticed a minotaur
 15113 | Gauntlet | Killed a minotaur
 15456 | D:11     | Found a roughly hewn altar of Beogh.
 15643 | D:11     | Found a staircase to the Orcish Mines.
 15688 | D:11     | Noticed a white ugly thing
 16068 | D:11     | Bought 2 potions of berserk rage for 120 gold pieces
 16068 | D:11     | Bought a potion of heal wounds for 60 gold pieces
 16068 | D:11     | Bought 2 potions of invisibility for 192 gold pieces
 16088 | D:11     | Killed a white ugly thing
 16179 | D:11     | Reached XP level 12. HP: 95/115 MP: 12/12
 16657 | D:11     | Got a fading chain mail
 16668 | D:11     | Identified the +3 chain mail of Liberalism {Dex+7} (You
                  | found it on level 11 of the Dungeon)
 16905 | D:12     | Noticed Frances
 17004 | D:12     | Found a runed translucent door.
 17006 | D:12     | Noticed Domino's ghost (journeyman MiBe)
 17007 | D:12     | Identified the +1 spear of Laceration {flame, +Rage rElec
                  | rPois Int-5}
 17039 | D:12     | Noticed Snorg
 17045 | D:12     | Killed Snorg
 17094 | D:12     | Noticed an eight-headed hydra
 17263 | D:13     | Noticed a centaur warrior
 17285 | D:13     | Killed a centaur warrior
 17286 | D:13     | Reached skill level 5 in Evocations
 17332 | D:13     | Found a flagged portal.
 17348 | Bailey   | Entered a bailey
 17484 | Bailey   | Found a burning altar of Makhleb.
 17492 | Bailey   | Reached skill level 10 in Fighting
 17550 | D:13     | Noticed Maurice
 17552 | D:13     | Noticed a boulder beetle
 17564 | D:13     | Killed Maurice
 17591 | D:13     | Killed a boulder beetle
 18035 | D:13     | Noticed a centaur warrior
 18052 | D:13     | Killed a centaur warrior
 18187 | D:13     | Noticed a two-headed ogre
 18193 | D:13     | Killed a two-headed ogre
 18246 | D:13     | HP: 2/116 [large slime creature (31)]
 18264 | D:13     | Gained mutation: You can use your snake-like lower body to
                  | constrict enemies. [Naga growth]
 18264 | D:13     | Reached XP level 13. HP: 39/124 MP: 13/13
 19678 | D:14     | Noticed Azrael
 19696 | D:14     | Killed Azrael
 20027 | D:14     | Noticed an ice dragon
 20585 | D:14     | Reached skill level 10 in Axes
 20681 | D:14     | Killed an ice dragon
 20681 | D:14     | HP: 1/189 [centaur warrior/arrow (10)]
 21308 | D:14     | Reached skill level 11 in Fighting
 21385 | D:14     | Bought a wand of flame (17) for 123 gold pieces
 21496 | D:14     | Noticed a vault guard
 21507 | D:14     | Killed a vault guard
 21546 | D:14     | Reached XP level 14. HP: 133/135 MP: 14/14
 21650 | D:14     | Found a gate to the Vaults.
 22188 | D:15     | Entered Level 15 of the Dungeon
 22307 | D:14     | Bought a potion of ambrosia for 104 gold pieces
 22307 | D:14     | Bought a scroll of enchant armour for 97 gold pieces
 22307 | D:14     | Bought a scroll of enchant armour for 97 gold pieces
 22307 | D:14     | Bought a wand of paralysis (6) for 104 gold pieces
 22307 | D:14     | Bought a potion of curing for 39 gold pieces
 22307 | D:14     | Bought a scroll of teleportation for 39 gold pieces
 23370 | D:15     | Found a staircase to the Depths.
 23370 | D:15     | Noticed a frost giant
 23387 | D:15     | Killed a frost giant
 24161 | D:12     | Killed Frances
 24162 | D:12     | Reached XP level 15. HP: 139/144 MP: 15/15
 24684 | D:12     | Reached skill level 12 in Fighting
 25075 | Orc:1    | Entered Level 1 of the Orcish Mines
 25075 | Orc:1    | Found Xooxaoq's Book Shop.
 25098 | Orc:1    | Found Gedelami's Book Shop.
 25118 | Orc:1    | Found Rawkius's Assorted Antiques.
 25307 | Orc:1    | Bought a scroll labelled TEIRET ZAETA for 34 gold pieces
 25307 | Orc:1    | Bought a scroll of fear for 119 gold pieces
 25307 | Orc:1    | Bought an encrusted onyx ring for 170 gold pieces
 25387 | Orc:1    | Found a runed translucent gate.
 25388 | Orc:1    | Found a runed translucent gate.
 25391 | Orc:1    | Found a runed translucent gate.
 25406 | Orc:1    | Noticed sand's ghost (journeyman HOFi)
 25426 | Orc:1    | Found an iron altar of Okawaru.
 25599 | Orc:1    | Killed sand's ghost
 25756 | Orc:2    | Entered Level 2 of the Orcish Mines
 26102 | Orc:2    | Found a one-way gate to the infinite horrors of the Abyss.
 26104 | Orc:2    | Found a corrupted altar of Lugonu.
 26702 | Orc:2    | Found a staircase to the Elven Halls.
 26883 | Orc:2    | Found Arurph's Gadget Emporium.
 26883 | Orc:2    | Found Esomom's Antique Armour Shoppe.
 26884 | Orc:2    | Found Sediuho's Weapon Shoppe.
 26887 | Orc:2    | Found Kifufaik's General Store.
 26890 | Orc:2    | Bought a wand of acid (3) for 182 gold pieces
 26890 | Orc:2    | Bought a wand of iceblast (11) for 195 gold pieces
 26890 | Orc:2    | Bought a wand of iceblast (12) for 208 gold pieces
 26890 | Orc:2    | Bought a wand of digging (3) for 182 gold pieces
 26893 | Orc:2    | Bought a potion of berserk rage for 70 gold pieces
 26893 | Orc:2    | Bought a scroll of magic mapping for 49 gold pieces
 26893 | Orc:2    | Bought a scroll of teleportation for 42 gold pieces
 27370 | Lair:1   | Entered Level 1 of the Lair of Beasts
 27639 | D:10     | Lost mutation: Your flesh is heat resistant. (rF+) [potion
                  | of mutation]
 27639 | D:10     | Lost mutation: You are partially covered in thin metallic
                  | scales. (AC +2) [potion of mutation]
 27639 | D:10     | Gained mutation: Your magical capacity is low. (-10% MP)
                  | [potion of mutation]
 27639 | D:10     | Gained mutation: Your body sometimes deteriorates upon
                  | taking damage. [potion of mutation]
 27639 | D:10     | Gained mutation: You have a pair of small horns on your
                  | head. [potion of mutation]
 27640 | D:10     | Lost mutation: Your magical capacity is low. (-10% MP)
                  | [potion of mutation]
 27640 | D:10     | Lost mutation: Your body sometimes deteriorates upon taking
                  | damage. [potion of mutation]
 27640 | D:10     | Lost mutation: You have a pair of small horns on your head.
                  | [potion of mutation]
 27640 | D:10     | Gained mutation: You are somewhat resistant to further
                  | mutation. [potion of mutation]
 27654 | D:10     | Lost mutation: You are somewhat resistant to further
                  | mutation. [potion of mutation]
 27654 | D:10     | Gained mutation: Your flesh is heat resistant. (rF+)
                  | [potion of mutation]
 27654 | D:10     | Gained mutation: You are partially covered in iridescent
                  | scales. (AC +2) [potion of mutation]
 27654 | D:10     | Gained mutation: You are dopey. (Int -2) [potion of
                  | mutation]
 27654 | D:10     | Lost mutation: You are dopey. (Int -2) [potion of mutation]
 29122 | Lair:2   | Found a staircase to the Shoals.
 29220 | Lair:2   | Reached skill level 10 in Armour
 29231 | Lair:2   | Reached skill level 10 in Dodging
 29735 | Lair:2   | Bought a warped chain mail for 256 gold pieces
 29735 | Lair:2   | Bought a heavily runed chain mail for 256 gold pieces
 29745 | Lair:2   | Identified the +1 chain mail "Vuocimech" {rPois rC- Str+7}
                  | (You bought it in a shop on level 2 of the Lair of Beasts)
 29755 | Lair:2   | Identified the +4 chain mail of the Cricket {Rampage rF-
                  | rN+ SInv} (You bought it in a shop on level 2 of the Lair
                  | of Beasts)
 29988 | Lair:3   | Found a runed translucent door.
 29989 | Lair:3   | Found a shimmering altar of Xom.
 29989 | Lair:3   | Noticed Loywebes's ghost (journeyman MiFi)
 30092 | Lair:3   | Found a hole to the Spider Nest.
 30096 | Lair:3   | Reached skill level 10 in Shields
 30878 | D:12     | Killed Domino's ghost
 31244 | Shoals:1 | Entered Level 1 of the Shoals
 31369 | Lair:5   | Reached XP level 16. HP: 136/154 MP: 16/16
 31468 | Lair:5   | Found a glowing silver altar of Zin.
 31605 | Lair:5   | You fall into a shaft and drop 1 floor!
 31605 | Lair:6   | Entered Level 6 of the Lair of Beasts
 31824 | Lair:6   | Reached skill level 10 in Evocations
 33988 | Lair:5   | Found a staircase to the Slime Pits.
 34135 | Lair:5   | Reached skill level 13 in Fighting
 34564 | Lair:5   | Found a staircase to the Slime Pits.
 34645 | Lair:5   | Found a glowing silver altar of Zin.
 35549 | Elf:1    | Entered Level 1 of the Elven Halls
 35691 | Elf:1    | Found a radiant altar of Vehumet.
 36034 | Elf:1    | Found a runed translucent gate.
 36034 | Elf:1    | Found a runed translucent gate.
 36034 | Elf:1    | Found a runed translucent gate.
 36036 | Elf:1    | Noticed Jaiteiro's ghost (journeyman VSFi)
 36036 | Elf:1    | Noticed Hynwimna's ghost (veteran MiGl)
 36037 | Elf:1    | Noticed Kaobra's ghost (adept GnWz)
 36038 | Elf:1    | Noticed Vatovie's ghost (journeyman MiBe)
 36329 | Elf:1    | Identified the Incunabulum of Attacks
 36766 | Elf:1    | Reached XP level 17. HP: 164/164 MP: 17/17
 37360 | Elf:1    | Killed Vatovie's ghost
 37905 | Elf:1    | Killed Jaiteiro's ghost
 37965 | Elf:1    | HP: 2/164 [Hynwimna's ghost (30)]
 37966 | Elf:1    | Mangled by Hynwimna's ghost

Illustrated notes

Levels and vault maps discovered:
D:1:      evilmike_arrival_home_sweet_home, layout_loops_ring,
          due_unseen_surprise
D:2:      layout_basic, bloody_trog, nzn_wu_jian_council_hall,
          kennysheep_pointless_box
D:3:      layout_rooms
D:4:      layout_cave_pools, nicolae_overflow_crystal_walls,
          minmay_temple_entry_purple_smoke, minmay_misc_feat_enclosed,
          kennysheep_small_spiral
D:5:      lemuel_ratsnest, layout_loops_corners, cheibriados_altar_1,
          ashenzari_altar_1, uniq_menkaure
D:6:      layout_rooms, minitemple, kennysheep_mini_moat, uniq_edmund
D:7:      layout_basic, grunt_temple_overflow_forces_of_nature, serial_undead,
          serial_undead_e, serial_undead_a, serial_undead_c, serial_undead_d,
          guppyfry_shop_venom
D:8:      wad_guarded_room, layout_loops_ring, uniq_grum
D:9:      layout_stronghold, dancing_weapons_uskayaw
D:10:     layout_loops_corners, david_lair_shrubbed, serial_shops,
          nicolae_shop_behind_doors, nicolae_lava_and_water
D:11:     layout_basic, minmay_orc_entry_temple_small, gauntlet_entry_generic
D:12:     layout_basic, ebering_ghost_funeral_grove, nicolae_zen_rock_garden,
          minmay_librarian, uniq_snorg, uniq_frances
D:13:     layout_stronghold, enter_bailey_3, uniq_maurice
D:14:     cheibrodos_orc_bank, layout_basic, david_vaults_4,
          chequers_serial_rivers_room_b, serial_bayou_pond_e,
          minmay_misc_feat_nine_boxes, uniq_azrael
D:15:     grunt_enter_depths_snipers, layout_basic,
          minmay_misc_feat_four_crosses
Temple:   dpeg_chambers_temple
Lair:1:   wander_river, layout_cave_pods, serial_bayou_pond_e
Lair:2:   layout_chaotic_city, elwin_shoals_entry_stream, grunt_megastairs_1,
          infiniplex_staircase_pool_2
Lair:3:   layout_roguey, spider_nest_entry_a, ebering_ghost_xom,
          grunt_forest_stairs_basic
Lair:4:   nzn_winding_woodlands_huge [nzn_winding_woodlands_5x15_zeroes,
          nzn_winding_woodlands_5x15_concentric,
          nzn_winding_woodlands_5x15_pathside_ponds,
          nzn_winding_woodlands_5x15_sidewinder,
          nzn_winding_woodlands_5x15_lazy_stream,
          nzn_winding_woodlands_5x15_longhouse,
          nzn_winding_woodlands_5x15_parted, nzn_winding_woodlands_5x15_eye,
          nzn_winding_woodlands_5x15_crooked, nzn_winding_woodlands_5x15_cabin,
          nzn_winding_woodlands_center_lodge,
          nzn_winding_woodlands_center_triple_pond,
          nzn_winding_woodlands_15x15_killbox], layout_hall_layers,
          ebering_ghost_xom, chequers_serial_rivers_small_b
Lair:5:   layout_small_grid, dpeg_slime_entry_corner, basic_altar,
          cheibrodos_lair_caveside_slide, chequers_serial_rivers_micro_e
Lair:6:   due_jungle_book, layout_hall_layers, serial_bayou_shore_a,
          minmay_lair_oklob_chamber
Shoals:1: layout_shoals, uniq_roxanne
Orc:1:    layout_caves, serial_shops, shop, shop_fountains,
          nicolae_shop_statue_plus, shop, gammafunk_ghost_fury_of_okawaru,
          uniq_josephine
Orc:2:    st_orc_mages, layout_diamond_mine, amcnicky_altar_lugonu_corruption
Elf:1:    eino_elf_arrival_sip, layout_onion_city, gammafunk_ghost_cemetery,
          basic_altar, minmay_elf_annihilation, glass_columns_a, hex_medium

Skill      XL: |  1  2  3  4  5  6  7  8  9 10 11 12 13 14 15 16 |
---------------+-------------------------------------------------+-----
Fighting       | 5 6 7 8 9 10 11 12 13 | 13.3
Axes           | 1 2 3 4 6 7 8 9 10 11 12 | 12.7
Dodging        | 1 2 3 4 5 6 7 8 9 10 | 10.9
Shields        | 1 2 3 4 5 6 7 8 9 10 | 10.8
Armour         | 2 3 4 5 6 7 8 9 10 | 10.9
Evocations     | 1 4 5 7 8 9 10 | 10.9
Crossbows      | |  1.7
Throwing       | |  1.0
Stealth        | |  3.0

Action                   |  1- 3 |  4- 6 |  7- 9 | 10-12 | 13-15 | 16-18 || total
-------------------------+-------+-------+-------+-------+-------+-------++-------
Melee: Hand axe          |       |   221 |   288 |       |       |       ||   509
       War axe           |       |       |   194 |    61 |       |       ||   255
       Broad axe         |       |       |       |   804 |   914 |   485 ||  2203
       Constrict         |       |       |       |       |   191 |    48 ||   239
 Fire: Hand crossbow     |    78 |    45 |       |       |       |       ||   123
Invok: Call Merchant     |       |       |       |     2 |     2 |       ||     4
 Abil: Spit Poison       |     3 |    10 |     7 |    23 |       |       ||    43
Evoke: Wand              |       |       |       |     4 |    27 |    13 ||    44
       Tin of tremorston |       |       |       |       |     4 |     1 ||     5
       Phial of floods   |       |       |       |       |     2 |       ||     2
  Use: Potion            |       |     1 |     3 |    15 |     5 |     3 ||    27
       Scroll            |       |       |    17 |    21 |    14 |     9 ||    61
 Stab: Distracted        |       |       |     1 |     3 |     8 |     1 ||    13
       Paralysed         |       |       |       |     9 |     6 |       ||    15
       Petrified         |       |       |       |       |     6 |       ||     6
       Petrifying        |       |       |       |       |     1 |       ||     1
Armor: Robe              |     8 |     1 |       |       |       |       ||     9
       Plate armour      |       |   150 |   275 |   462 |       |       ||   887
       Skin              |       |     2 |     3 |       |       |       ||     5
       Chain mail        |       |       |       |   136 |   372 |   201 ||   709
Dodge: Dodged            |    24 |    11 |    17 |   104 |   146 |    59 ||   361
Block: Tower shield      |       |   156 |   380 |  1121 |  1106 |   514 ||  3277
